 Dungeon Crawl Stone Soup version 0.30.1-11-g7821555f0a (webtiles) character file.

Game seed: 17241239784431066884

266 ChrisAssaf the Magician (level 6, -2/63 HPs)
             Began as a Djinni Air Elementalist on Nov 28, 2023.
             Was an Initiate of Ru.
             Slain by Pikel
             ... wielding a +0 whip of electrocution
              (14 damage)
             ... on level 5 of the Dungeon.
             The game lasted 00:07:39 (2203 turns).

ChrisAssaf the Magician (Djinni Air Elementalist)   Turns: 2203, Time: 00:07:39

Health: -2/63      AC: 23    Str:  9    XL:     6   Next: 44%
Gold:   127        EV:  2    Int: 17    God:    Ru [......] SH:  0 Dex: 13

rFire   . . .        q - +0 spear (venom)
rCold   . . .        (no shield)
rNeg    . . .        a - melded +0 robe
rPois   ∞            (helmet currently unavailable)
rElec   .            (cloak currently unavailable)
rCorr   .            (gloves currently unavailable)
SInv    .            (boots unavailable)
Will    .....        (no amulet)
Stlth   ++           (no ring)
HPRegen 0.30/turn    (no ring)
MPRegen 0.00/turn

%: infuse magic (-3 HP)
@: tree-form, attractive
A: stationary, stasis, torment immunity, boosted hp, sickness immunity, (fire
resistance 2), (cold vulnerability 1), float, innate caster, HP casting, extra
vitality 1
a: Renounce Religion


You were on level 5 of the Dungeon.
You worshipped Ru.
Ru was noncommittal.
You were a tree.
You visited 1 branch of the dungeon, and saw 5 of its levels.

You collected 127 gold pieces.

Inventory:

Hand Weapons
 b - a +2 dagger of holy wrath
 j - a +1 short sword of freezing
 m - a +1 whip of venom
 q - a +0 spear of venom (weapon)
Missiles
 n - 3 boomerangs
Armour
 a - a +0 robe (melded)
Scrolls
 d - a scroll of acquirement {unknown}
 e - a scroll of noise
 g - 2 scrolls of magic mapping
 i - 2 scrolls of fog {unknown}
 l - a scroll of vulnerability {unknown}
 o - a scroll of teleportation
Potions
 f - a potion of degeneration {unknown}
 p - a potion of heal wounds {unknown}


   Skills:
 * Level 1.4 Fighting
 * Level 1.2 Short Blades
 * Level 1.3 Armour
 * Level 2.9 Dodging
 * Level 2.2 Stealth
 * Level 4.0 Spellcasting
 * Level 1.1 Evocations


You knew the following spells:

 Your Spells              Type           Power      Damage    Failure   Level
a - Shock                 Conj/Air       68%        1d7       3%          1
b - Static Discharge      Conj/Air       34%        2-4/arc   4%          2
c - Swiftness             Air            17%        N/A       9%          3
d - Airstrike             Air            8%         2d(2-18)  30%         4
e - Magic Dart            Conj           68%        1d6       3%          1
f - Passwall              Tmut/Erth      14%        N/A       4%          2
Your spell library was empty.

Dungeon Overview and Level Annotations

Branches:
Dungeon (5/15)
 Temple: D:4-7

Altars:
Ru
Trog
Xom
Zin

Shops:
D:2 !

Annotations:
D:5 Pikel


Innate Abilities, Weirdness & Mutations

You are a tree.
Your roots penetrate the ground, keeping you stationary.
You cannot be teleported.
You are immune to unholy pain and torment.
Your maximum health is greatly increased.
Your equipment is partially melded.
You are immune to sickness and miasma.
You are immune to poison.
((Your flesh is very heat resistant. (rF++)))
((You are vulnerable to cold. (rC-)))
You float through the air rather than walking.
You learn spells naturally, not from books.
Your magical power is your life essence.
You have superior vitality. (+4 MHP)


Message History

Pikel is moderately wounded.
The now-empty wand crumbles to dust.
Unknown command.
The lemure hits you.
The lemure shouts!
You hit Pikel.
Pikel is poisoned.
Pikel is heavily wounded.
Pikel hits you with a +0 whip of electrocution!
The lemure closely misses you. The lemure hits you.
You hit Pikel.
Pikel is heavily wounded.
Pikel says, "You'll freeze in Cocytus!"
Pikel hits you with a +0 whip of electrocution.
You are electrocuted!
* * * LOW HITPOINT WARNING * * *
The lemure hits you.
* * * LOW HITPOINT WARNING * * *
The lemure hits you but does no damage. The lemure attacks as you move away!
The lemure hits you but does no damage. Pikel attacks as you move away!
Pikel completely misses you.
Pikel says, "You'll feel the lick of my whip!"
It was a potion of lignification.
You turn into a tree.
Your +0 robe melds into your body.
Your roots penetrate the ground.
Pikel hits you but does no damage. The lemure hits you but does no damage.
You closely miss Pikel.
Pikel is heavily wounded.
Pikel hits you with a +0 whip of electrocution.
* * * LOW HITPOINT WARNING * * *
The lemure hits you but does no damage. x2
You closely miss Pikel.
Pikel is heavily wounded.
Pikel cracks his whip.
Pikel hits you but does no damage. The lemure hits you but does no damage.
Unknown command.
It was a potion of attraction.
You feel attractive to monsters. Pikel hits you but does no damage.
The lemure hits you but does no damage. x2
It was a potion of curing.
You feel better. Pikel hits you but does no damage.
You are electrocuted!
You die...

#.....##...........# #...'.....
#.....##.....##....# #...##....
#.....##.....##....# #...##....
##..................# #.........
....................# #.........
##.....##...........# #.........
##............##...## #<........
#.....#####....5K5.## #...######
..#####...#####5♣5..# #...##....
..'....._.....'.....# #.........
#.#####...#####.....# #.........
#.....#####........######..##....
##............##...##..##..##....
.......+......###'###..#.........
.......##.....##...#...#...(.....
.......##.....##...#...#...##....
##............#....'...'...##....


You could see Pikel (poisoned, corroded) and 4 lemures.

Vanquished Creatures
  2 jellies (D:5)
  A hound (D:5)
  2 iguanas
  A sleepcap (D:4)
  Natasha (D:3)
  4 adders
  A white imp (D:5)
  An ufetubus (D:5)
  A worm (D:3)
  A dart slug (D:5)
  2 endoplasms
  3 goblins (D:1)
  2 jackals (D:3)
  4 kobolds
  A quokka (D:1)
  A frilled lizard (D:1)
  2 rats (D:1)
30 creatures vanquished.

Notes
Turn   | Place    | Note
-------+----------+-------------------------------------------
     0 | D:1      | ChrisAssaf the Djinni Air Elementalist began the quest for
                  | the Orb.
     0 | D:1      | ChrisAssaf set off with the following spells memorised:
                  | Shock, Static Discharge, Swiftness, Airstrike.
     0 | D:1      | Reached XP level 1. HP: 15/15 MP: 0/0
    84 | D:1      | Reached XP level 2. HP: 20/21 MP: 0/0
   123 | D:1      | You are sucked into a shaft and drop 1 floor!
   123 | D:2      | Found Loekampa's Distillery.
   195 | D:2      | Reached XP level 3. HP: 20/26 MP: 0/0
   195 | D:2      | Learned a level 1 spell: Magic Dart
   217 | D:2      | Reached skill level 3 in Spellcasting
   491 | D:3      | Noticed Natasha
   497 | D:3      | Killed Natasha
   498 | D:3      | Reached XP level 4. HP: 18/31 MP: 0/0
   698 | D:4      | Found a glowing silver altar of Zin.
   782 | D:4      | Found a shimmering altar of Xom.
   880 | D:4      | Reached XP level 5. HP: 31/36 MP: 0/0
   880 | D:4      | Learned a level 2 spell: Passwall
   978 | D:4      | Reached skill level 1 in Fighting
   978 | D:4      | Reached skill level 1 in Armour
   978 | D:4      | Noticed a phantom
   992 | D:5      | Entered Level 5 of the Dungeon
   999 | D:5      | Reached skill level 1 in Short Blades
  1005 | D:5      | Noticed a lemure
  1118 | D:5      | Noticed a lemure
  1120 | D:5      | Noticed a lemure
  1121 | D:5      | Noticed Pikel
  1371 | D:5      | Reached skill level 1 in Evocations
  1371 | D:5      | Reached XP level 6. HP: 28/42 MP: 0/0
  1595 | D:5      | Found a bloodstained altar of Trog.
  1631 | D:5      | Found a sacrificial altar of Ru.
  1655 | D:5      | Became a worshipper of Ru the Awakened
  1705 | D:5      | Reached skill level 4 in Spellcasting
  2203 | D:5      | Slain by Pikel

Illustrated notes

Levels and vault maps discovered:
D:1:      sevenhm_arrival_forest_fort_small_4, layout_rooms, serial_shops, shop
D:2:      layout_rooms, serial_shops, nicolae_shop_statue_plus, basic_altar,
          st_stairs_8
D:3:      layout_basic, dreamdust_ecumenical_altar_drowned_temple, uniq_natasha
D:4:      layout_loops_ring, mainiacjoe_overflow_six_doors_small,
          lemuel_doored_altar, nicolae_uskayaw_murder_on_the_dancefloor,
          serial_shops, nicolae_shop_behind_doors, minmay_shop_damaged,
          uniq_ijyb
D:5:      layout_gridville, mainiacjoe_overflow_surrounded_room,
          mainiacjoe_overflow_chevrons, st_stairs_14, uniq_pikel

Skill      XL: |  1  2  3  4  5  6 |
---------------+-------------------+-----
Spellcasting   | 3 4 |  4.0
Fighting       | 1 |  1.4
Armour         | 1 |  1.3
Short Blades   | 1 |  1.2
Stealth        | 2 |  2.2
Evocations     | 1 |  1.1
Dodging        | |  2.9

Action                     |  1- 3 |  4- 6 || total
---------------------------+-------+-------++-------
  Melee: Dagger            |     6 |     1 ||     7
         Short sword       |       |     9 ||     9
         Spear             |       |     4 ||     4
   Cast: Shock             |    14 |     1 ||    15
         Static Discharge  |    11 |    20 ||    31
  Evoke: Wand              |     1 |     8 ||     9
    Use: Scroll            |     2 |     5 ||     7
         Potion            |       |     3 ||     3
   Stab: Sleeping          |       |     2 ||     2
 Armour: Robe              |     2 |     7 ||     9
         Skin              |       |    10 ||    10
  Dodge: Dodged            |    19 |    27 ||    46
